cohdb
Replays
Latest Replays
All Replays
Popular Replays
Top Player Replays
Match Explorer
How It Works
Community
CoH3 Stats
Reddit
Sign in to upload your games and track your stats! →
Sign in with Steam
Match 47103304
Unlisted
Match 47103304
Overview
Messages
Build Orders
End
Kradschützen Motorcycle Team
Panzergrenadier Squad
Selects Battlefield Espionage Battlegroup
Selects Sector Subterfuge Beacon
Panzergrenadier Squad
Panzerpioneer Squad
Construct Light Support Kompanie
Construct Light Support Kompanie
Glisten ♪
无火的余灰
vincent
6w6
炸弹王庭之主维什戴尔
Markie21marc
hAzZInG
CPU-normal
0
0
Comments
sign in to comment!
No comments posted yet!